 Dungeon Crawl Stone Soup version 0.28.0 (webtiles) character file.

Game seed: 14961855891242551237

1044 Buxparty the Firebug (level 7, 0/50 HPs)
             Began as a Demigod Fire Elementalist on Feb 5, 2022.
             Slain by a killer bee (2 damage)
             ... on level 5 of the Dungeon.
             The game lasted 00:21:13 (6166 turns).

Buxparty the Firebug (Demigod Fire Elementalist)    Turns: 6166, Time: 00:21:13

Health: 0/50       AC:  0    Str:  9    XL:     7   Next: 75%
Magic:  24/25      EV: 13    Int: 23    God:
Gold:   167        SH:  0    Dex: 14    Spells: 10/14 levels left

rFire   + + +      SeeInvis .   (no weapon)
rCold   . . .      Faith    .   (no shield)
rNeg    . . .      Spirit   .   a - +0 robe
rPois   .          Reflect  .   (no helmet)
rElec   +          Harm     .   c - -3 cloak of the Storm King {rElec rF+++ MP+9 Int-2}
rCorr   .          Rampage  .   (no gloves)
Will    .....                   (no boots)
Stlth   ++........              (no amulet)
HPRegen 0.16/turn               (no ring)
MPRegen 0.19/turn               (no ring)

@: lethally poisoned (0 -> -13), flying
A: high MP 1, forlorn, divine attributes
a: no special abilities


You were on level 5 of the Dungeon.
You visited 1 branch of the dungeon, and saw 5 of its levels.
You also visited: Sewer.

You collected 167 gold pieces.

Inventory:

Armour
 a - a +0 robe (worn)
 c - the -3 cloak of the Storm King (worn) {rElec rF+++ MP+9 Int-2}
   (You found it on level 3 of the Dungeon)

   Int:       It affects your intelligence (-2).
   rF:        It renders you almost immune to fire.
   rElec:     It insulates you from electricity.
   MP:        It affects your magic capacity (+9).
Scrolls
 f - 3 scrolls of immolation
 g - 2 scrolls of noise
 h - a scroll of fog
 i - 2 scrolls of identify
 j - a scroll of acquirement {unknown}
 l - 2 scrolls of blinking
 n - a scroll of enchant weapon {unknown}
Potions
 d - a potion of cancellation {unknown}
 e - a potion of mutation {unknown}
 k - a potion of resistance {unknown}
 m - a potion of might


   Skills:
 + Level 4.5 Dodging
 - Level 1.7 Stealth
 + Level 4.2 Spellcasting
 + Level 4.2 Conjurations
 + Level 5.0 Fire Magic


You had 10 spell levels left.
You knew the following spells:

 Your Spells              Type           Power      Damage    Failure   Level
a - Foxfire               Conj/Fire      100%       2x1d9     1%          1
b - Scorch                Fire           54%        2d7       1%          2
c - Summon Small Mammal   Summ           16%        N/A       11%         1

Your spell library contained the following spells:

 Spells                   Type           Power      Damage    Failure   Level
 Conjure Flame            Conj/Fire      26%        6-21      4%          3
 Inner Flame              Hex/Fire       16%        N/A       11%         3
 Ensorcelled Hibernation  Hex/Ice        8%         N/A       16%         2
 Sublimation of Blood     Necr           4%         N/A       16%         2
 Wereblood                Tmut           4%         N/A       16%         2
 Ignite Poison            Fire/Tmut/Pois 12%        N/A       16%         3
 Flame Wave               Conj/Fire      26%        2d7       16%         4
 Mephitic Cloud           Conj/Pois/Air  11%        N/A       17%         3
 Call Canine Familiar     Summ           4%         N/A       30%         3
 Spider Form              Tmut/Pois      4%         N/A       30%         3
 Summon Guardian Golem    Hex/Summ       4%         N/A       30%         3
 Anguish                  Hex/Necr       2%         N/A       71%         4
 Freezing Cloud           Conj/Ice/Air   5%         6-21      85%         5
 Summon Hydra             Summ           2%         N/A       100%        7


Dungeon Overview and Level Annotations

Branches:
Dungeon (5/15)             Temple (0/1) D:5           Sewer (visited)

Shops:
D:2 =

Portals:
Abyss: D:4

Annotations:
D:4 2 transporters, SteelSquire's ghost, weakling HODe


Innate Abilities, Weirdness & Mutations

You have an increased reservoir of magic. (+10% MP)
You shall have no god before yourself.
Your divine heritage dramatically boosts your attributes as you level up.


Message History

A killer bee comes into view.
A gnoll comes into view. It is wielding a +0 halberd.
Casting: Foxfire (safe; 1% risk of failure)
Confirm with . or Enter, or press ? or * to list all spells.
You conjure some foxfire!
Your foxfire dissipates!
The killer bee stings you!
You are poisoned.
The killer bee poisons you!
Your foxfire dissipates!
You feel sick.
The foxfire hits the killer bee.
The killer bee is moderately wounded.
The killer bee closely misses you.
You feel sick.
A killer bee comes into view.
The killer bee stings you!
You feel sick. The killer bee stings you.
You feel sick.
You feel sick.
You feel sick. The killer bee closely misses you.
You feel sick.
You are no longer poisoned.
The killer bee barely misses you. The killer bee stings you!
* * * LOW HITPOINT WARNING * * *
Casting: Foxfire (safe; 1% risk of failure)
Confirm with . or Enter, or press ? or * to list all spells.
The killer bee barely misses you. The killer bee stings you.
* * * LOW HITPOINT WARNING * * *
You are lethally poisoned!
The killer bee poisons you! The killer bee stings you.
* * * LOW HITPOINT WARNING * * *
You are more poisoned.
The killer bee poisons you!
You feel very buoyant.
You fly up into the air.
* * * LOW HITPOINT WARNING * * *
You feel very sick.
Your bat closely misses the killer bee.
The killer bee stings you.
You die...

.........######..
...(.....###....#
.........##..####
.............####
####......)).....
##..#########.
..####### ###..##
#.
.......b###.....###
#.
..>....y@...###...#
####. .######y#####
###.# ..##. #y#
#.###.##.
#.#########..##.##.
#...y##...##.##.##.
####.#.....#).).##.
#........##)..#.
##..y....##....#
#.......###...#


You could see 3 killer bees and a friendly bat (summoned).

Vanquished Creatures
  An ogre (D:5)
  A phantom (D:4)
  4 scorpions
  A centaur zombie (D:5)
  A hound (D:4)
  A jelly (D:3)
  A gnoll shaman (D:5)
  An orc priest (D:4)
  Natasha (thrice) (D:3)
  2 iguanas
  7 orc wizards (D:4)
  5 adders
  3 gnolls (D:4)
  5 river rats
  An adder skeleton (D:4)
  2 dart slugs
  9 orcs
  2 endoplasms
  6 giant cockroaches
  7 hobgoblins
  3 jackals (D:2)
  5 kobolds
  3 quokkas (D:3)
  13 ball pythons
  10 frilled lizards
  6 goblins
  11 rats
114 creatures vanquished.

Vanquished Creatures (others)
  334 foxfires
334 creatures vanquished.

Grand Total: 448 creatures vanquished

Notes
Turn   | Place    | Note
-------+----------+-------------------------------------------
     0 | D:1      | Buxparty the Demigod Fire Elementalist began the quest for
                  | the Orb.
     0 | D:1      | Reached XP level 1. HP: 14/14 MP: 5/5
   110 | D:1      | Reached skill level 1 in Conjurations
   694 | D:1      | Reached XP level 2. HP: 20/20 MP: 2/7
   989 | D:1      | Learned a level 2 spell: Scorch
  1296 | D:2      | Reached skill level 3 in Fire Magic
  1557 | D:2      | Reached XP level 3. HP: 26/26 MP: 5/8
  1785 | D:2      | Found Jotal's Jewellery Shop.
  2362 | D:3      | Reached XP level 4. HP: 33/33 MP: 5/10
  2486 | D:3      | Found a glowing drain.
  2490 | Sewer    | Entered a sewer
  2908 | Sewer    | HP: 2/49 [poisoned by an adder]
  3195 | Sewer    | Reached XP level 5. HP: 38/38 MP: 9/12
  3594 | D:3      | Identified the -3 cloak of the Storm King {rElec rF+++ MP+9
                  | Int-2}
  3709 | D:3      | Noticed Natasha
  3727 | D:3      | Killed Natasha
  4055 | D:3      | Noticed Natasha
  4066 | D:3      | Killed Natasha
  4120 | D:3      | Noticed Natasha
  4123 | D:3      | Killed Natasha
  4281 | D:4      | Reached XP level 6. HP: 45/45 MP: 13/13
  4416 | D:4      | Reached skill level 4 in Fire Magic
  4586 | D:4      | Found a transporter.
  5073 | D:4      | Reached XP level 7. HP: 35/50 MP: 4/15
  5214 | D:4      | Learned a level 1 spell: Summon Small Mammal
  5326 | D:4      | Found a one-way gate to the infinite horrors of the Abyss.
  5326 | D:4      | Found a transporter.
  5346 | D:4      | Noticed SteelSquire's ghost (weakling HODe)
  5786 | D:5      | Entered Level 5 of the Dungeon
  6070 | D:5      | Reached skill level 5 in Fire Magic
  6151 | D:5      | Found a staircase to the Ecumenical Temple.
  6166 | D:5      | HP: 2/50 [poisoned by a killer bee]
  6166 | D:5      | Slain by a killer bee

Illustrated notes

Levels and vault maps discovered:
D:1:      lemuel_arrival_cross, layout_loops_corners, due_unseen_surprise
D:2:      layout_rooms, serial_shops, shop_fountains
D:3:      layout_loops_corners, gup_sewer_entry_bowl, st_stairs_7,
          kennysheep_potato, uniq_natasha
D:4:      layout_basic, gammafunk_ghost_abyssal_escape,
          minmay_a_box_with_orc_wizards_in_it
D:5:      layout_rooms, minmay_temple_entry_glass

Skill      XL: |  1  2  3  4  5  6  7 |
---------------+----------------------+-----
Conjurations   | 1 2 3 4 |  4.2
Dodging        | 2 3 4 |  4.5
Spellcasting   | 2 3 4 |  4.2
Fire Magic     | 3 4 5 |  5.0
Stealth        | |  1.7

Action                   |  1- 3 |  4- 6 |  7- 9 || total
-------------------------+-------+-------+-------++-------
Melee: Unarmed           |     1 |    19 |       ||    20
       Punch             |       |     1 |       ||     1
 Cast: Foxfire           |    70 |    85 |    47 ||   202
       Scorch            |     4 |    42 |     8 ||    54
       Summon Small Mamm |       |       |     5 ||     5
  Use: Potion            |       |     6 |     1 ||     7
       Scroll            |       |     7 |       ||     7
Armor: Robe              |     1 |     1 |       ||     2
       Skin              |       |     6 |       ||     6
Dodge: Dodged            |    16 |    28 |     6 ||    50
